 Dungeon Crawl Stone Soup version 0.28-a0-1638-g9123634e07 (webtiles) character file.

Game seed: 13682320394332451567

15497 hashsling the Cleaver (level 12, -3/115 HPs)
             Began as a Minotaur Gladiator on Jan 25, 2022.
             Was an Elder of the Shining One.
             Slain by a titan zombie (19 damage)
             ... on level 1 of the Abyss.
             The game lasted 00:33:45 (12747 turns).

hashsling the Cleaver (Minotaur Gladiator)         Turns: 12747, Time: 00:33:45

Health: -3/115     AC: 16    Str: 28    XL:     12   Next: 1%
Magic:  14/14      EV: 11    Int: 11    God:    the Shining One [****..]
Gold:   490        SH:  0    Dex: 10    Spells: 9/11 levels left

rFire   . . .      SeeInvis .   C - +4 hand axe of the Shining Light {holy, Int+6 Dex-4}
rCold   . . .      Faith    +   (no shield)
rNeg    + + .      Spirit   .   n - +2 chain mail {Will+}
rPois   .          Reflect  .   c - +0 hat
rElec   .          Harm     .   (no cloak)
rCorr   .          Rampage  .   m - +0 pair of gloves
Will    ++...                   f - +0 pair of boots
Stlth   ..........              M - amulet of faith
HPRegen 0.29/turn               F - +6 ring of strength
MPRegen 0.14/turn               b - ring of willpower

@: glowing
A: horns 2, retaliatory headbutt
a: Renounce Religion, Divine Shield, Cleansing Flame


You were on level 1 of the Abyss.
You worshipped the Shining One.
The Shining One was greatly pleased with you.
You visited 2 branches of the dungeon, and saw 12 of its levels.
You visited the Abyss 1 time.

You collected 490 gold pieces.

Inventory:

Hand Weapons
 C - the +4 hand axe of the Shining Light (weapon) {holy, Int+6 Dex-4}
   (You found it on level 6 of the Dungeon)

   It has been blessed by the Shining One to cause great damage to the undead
   and demons.
   Int:       It affects your intelligence (+6).
   Dex:       It affects your dexterity (-4).
 H - the +6 shortbow of the Hidden Xalams {flame, rElec rCorr Str+6}
   (You found it on level 7 of the Dungeon)

   Any ammunition fired from it burns those it strikes, dealing additional fire
   damage.
   Str:       It affects your strength (+6).
   rElec:     It insulates you from electricity.
   rCorr:     It protects you from acid and corrosion.
 K - a +0 battleaxe of flaming
Missiles
 h - 3 boomerangs
 q - 11 javelins (quivered)
 I - 173 arrows
Armour
 c - a +0 hat (worn)
 f - a +0 pair of boots (worn)
 l - a +8 plate armour of ponderousness
 m - a +0 pair of gloves (worn)
 n - a +2 chain mail of willpower (worn)
Jewellery
 b - a ring of willpower (right hand)
 j - a ring of see invisible
 t - a ring of positive energy
 F - a +6 ring of strength (left hand)
 M - an amulet of faith (around neck)
Wands
 u - a wand of digging (2)
 x - a wand of paralysis (10)
 J - a wand of charming (9)
Scrolls
 a - a scroll of brand weapon {unknown}
 e - 3 scrolls of identify
 g - 2 scrolls of blinking
 i - 2 scrolls of amnesia
 r - 3 scrolls of enchant armour {unknown}
 v - 4 scrolls of teleportation {unknown}
 w - 2 scrolls of immolation {unknown}
 y - a scroll of summoning {unknown}
 B - a scroll of fog {unknown}
 L - a scroll of holy word {unknown}
 N - a scroll of fear {unknown}
Potions
 d - 2 potions of degeneration
 o - a potion of invisibility {unknown}
 s - a potion of brilliance
 z - a potion of ambrosia {unknown}
 A - 2 potions of might {unknown}
 D - a potion of mutation {unknown}
 G - a potion of lignification {unknown}
 O - a potion of flight {unknown}


   Skills:
 * Level 13.1 Fighting
 * Level 13.5 Axes
 - Level 2.0 Throwing
 + Level 9.5 Armour
 + Level 9.1 Dodging
 + Level 4.9 Invocations


You had 9 spell levels left.
You knew the following spells:

 Your Spells              Type           Power      Damage    Failure   Level
a - Wereblood             Tmut           0%         N/A       93%         2

Your spell library contained the following spells:

 Spells                   Type           Power      Damage    Failure   Level
 Animate Skeleton         Necr           0%         N/A       83%         1
 Pain                     Necr           0%         1d4       83%         1
 Shock                    Conj/Air       0%         1d3       83%         1
 Sublimation of Blood     Necr           0%         N/A       93%         2
 Call Canine Familiar     Summ           0%         N/A       99%         3
 Portal Projectile        Hex/Tloc       0%         N/A       99%         3
 Swiftness                Air            0%         N/A       99%         3
 Vampiric Draining        Necr           0%         2d6       99%         3
 Airstrike                Air            0%         N/A       100%        4
 Leda's Liquefaction      Hex/Erth       0%         N/A       100%        4
 Blade Hands              Tmut           0%         N/A       100%        5
 Irradiate                Conj/Tmut      0%         3d13      100%        5
 Dragon Form              Tmut           0%         N/A       100%        7
 Summon Hydra             Summ           0%         N/A       100%        7


Dungeon Overview and Level Annotations

Branches:
Dungeon (11/15)            Temple (1/1) D:4            Lair (0/6) D:8
    Orc: D:9-12

Altars:
Ashenzari
Cheibriados
Dithmenos
Elyvilon
Fedhas
Gozag
Hepliaklqana
Kikubaaqudgha
Makhleb
Nemelex Xobeh
Okawaru
Qazlal
Ru
Sif Muna
Trog
Uskayaw
Vehumet
Wu Jian
Xom
Yredelemnul
Zin
The Shining One

Shops:
D:5 *

Annotations:
D:8 2 transporters, mcgeepi's ghost, novice DsIE


Innate Abilities, Weirdness & Mutations

You have a pair of horns on your head.
You reflexively headbutt those who attack you in melee.


Message History

A white imp comes into view.
No target in view!
A white imp is nearby!
The white imp barely misses you. You furiously retaliate!
You headbutt the white imp, but do no damage.
You slash the white imp!
You kill the white imp!
That felt strangely unrewarding.
No target in view!
A titan zombie comes into view.
You slash the titan zombie!
The titan zombie convulses.
You headbutt the titan zombie!
The titan zombie is lightly damaged.
You slash the titan zombie!
The titan zombie convulses!
The titan zombie is moderately damaged.
The titan zombie hits you!!
You slash the titan zombie!
The titan zombie convulses!
You headbutt the titan zombie!
The titan zombie is heavily damaged.
You hit the titan zombie.
The titan zombie convulses.
You headbutt the titan zombie, but do no damage.
The titan zombie is heavily damaged.
The titan zombie hits you!
You are too injured to fight recklessly!
You are too injured to fight recklessly!
You hit the titan zombie.
The titan zombie convulses.
You headbutt the titan zombie!
The titan zombie is severely damaged.
You hit the titan zombie.
The titan zombie convulses.
You headbutt the titan zombie.
The titan zombie is severely damaged.
The titan zombie hits you!!
* * * LOW HITPOINT WARNING * * *
You slash the titan zombie!
The titan zombie convulses!
You headbutt the titan zombie.
The titan zombie is almost destroyed.
You hit the titan zombie.
The titan zombie convulses.
The titan zombie is almost destroyed.
The titan zombie hits you!!
You die...

..# #. # ..
#.###.# ##. #.#
#.
####..#.....##
....#..#. .#.#
####..#...#...#
#.......#..#
.##...#..##
.#..@.#
......##Z..#
#.##### ...# .
..... #.#.#..
#...#. ..... .#
#.


You could see a titan zombie.

Vanquished Creatures
  Erolcha (D:10)
  Harold (D:9)
  The ghost of drawgostyle the Slasher, a novice DrAr of Makhleb (D:11)
  A fire crab (shapeshifter) (D:10)
  Pikel (D:4)
  2 ugly things
  A deep elf pyromancer (D:10)
  A manticore (D:10)
  A cyclops (D:10)
  Maggie (D:6)
  A komodo dragon (D:11)
  3 kobold demonologists (D:11)
  An unseen horror (D:11)
  3 trolls (D:10)
  Prince Ribbit (D:6)
  A vampire (D:10)
  2 wyverns (D:8)
  24 yaks
  A golden eye (shapeshifter) (D:10)
  A basilisk (D:8)
  4 vampire mosquitoes (D:10)
  Edmund (D:4)
  2 black bears
  A hornet zombie (D:9)
  An ice beast (D:6)
  An orc warrior (D:9)
  A sky beast (D:5)
  3 ogres
  4 centaurs
  2 lemures (D:4)
  9 kobold brigands (D:11)
  A bullfrog (D:7)
  2 scorpions
  A water moccasin skeleton (D:5)
  4 wights (D:8)
  3 howler monkeys
  2 centaur zombies
  2 jellies (D:6)
  2 bullfrog skeletons
  2 centaur skeletons
  2 hounds
  A gnoll shaman (D:6)
  3 iguanas
  6 orc priests
  14 orc wizards
  Terence (D:2)
  A killer bee zombie (D:8)
  A hound skeleton (D:4)
  Robin (D:4)
  2 howler monkey skeletons (D:6)
  7 gnolls
  6 adders
  A white imp (Abyss:1)
  An ufetubus (D:4)
  2 worms (D:2)
  3 dart slugs
  32 orcs
  11 ball pythons
  5 endoplasms
  6 giant cockroaches
  12 goblins
  8 hobgoblins
  2 jackals
  4 quokkas
  9 bats
  2 frilled lizards (D:3)
  5 kobolds
  6 rats
251 creatures vanquished.

Notes
Turn   | Place    | Note
-------+----------+-------------------------------------------
     0 | D:1      | hashsling the Minotaur Gladiator began the quest for the
                  | Orb.
     0 | D:1      | Reached XP level 1. HP: 18/18 MP: 0/0
   209 | D:1      | Reached XP level 2. HP: 21/25 MP: 1/1
   623 | D:1      | Reached skill level 1 in Armour
   721 | D:1      | Reached XP level 3. HP: 26/31 MP: 2/2
  1355 | D:2      | Noticed an ogre
  1362 | D:2      | Killed an ogre
  1363 | D:2      | Reached skill level 5 in Axes
  1363 | D:2      | Reached XP level 4. HP: 40/40 MP: 3/3
  1363 | D:2      | Reached XP level 5. HP: 46/46 MP: 4/4
  1510 | D:2      | Noticed Terence
  1518 | D:2      | Killed Terence
  2348 | D:3      | Found a faded altar of an unknown god.
  2697 | D:4      | Found a staircase to the Ecumenical Temple.
  2709 | Temple   | Entered the Ecumenical Temple
  3012 | Temple   | Became a worshipper of the Shining One
  3033 | D:4      | Noticed a lemure
  3033 | D:4      | Noticed a lemure
  3033 | D:4      | Noticed a lemure
  3034 | D:4      | Noticed Pikel
  3035 | D:4      | Noticed a lemure
  3040 | D:4      | Killed a lemure
  3045 | D:4      | HP: 1/47 [Pikel (16)]
  3353 | D:4      | Killed a lemure
  3360 | D:4      | Killed Pikel
  3361 | D:4      | Reached skill level 5 in Fighting
  3361 | D:4      | Reached XP level 6. HP: 19/57 MP: 5/5
  3361 | D:4      | Reached XP level 7. HP: 21/62 MP: 6/6
  3619 | D:4      | Noticed Edmund
  3625 | D:4      | Killed Edmund
  3715 | D:4      | Reached skill level 5 in Dodging
  4011 | D:4      | Noticed Robin
  4023 | D:4      | Killed Robin
  4024 | D:4      | Reached XP level 8. HP: 59/71 MP: 7/7
  4044 | D:4      | Reached skill level 5 in Armour
  4352 | D:5      | Entered Level 5 of the Dungeon
  4354 | D:5      | Found Imef's Elemental Accessories.
  4427 | D:5      | Found a hide-covered altar of Uskayaw.
  4427 | D:5      | Found an ornate altar of the Wu Jian Council.
  4428 | D:5      | Reached * piety under the Shining One
  5567 | D:6      | Noticed Prince Ribbit
  5586 | D:6      | Killed Prince Ribbit
  5587 | D:6      | Reached XP level 9. HP: 66/82 MP: 8/8
  5741 | D:6      | Found a snail-covered altar of Cheibriados.
  5825 | D:6      | Identified the +4 hand axe of the Shining Light {holy,
                  | Int+6 Dex-4}
  6249 | D:6      | Noticed Maggie
  6249 | D:6      | Reached ** piety under the Shining One
  6269 | D:6      | Killed Maggie
  6272 | D:6      | Reached skill level 10 in Axes
  6648 | D:7      | Identified the +6 shortbow of the Hidden Xalams {flame,
                  | rElec rCorr Str+6}
  6985 | D:7      | Reached skill level 10 in Fighting
  7169 | D:7      | Found a shadowy altar of Dithmenos.
  7763 | D:7      | Found a glowing silver altar of Zin.
  7819 | D:8      | Reached XP level 10. HP: 72/93 MP: 9/9
  7825 | D:8      | Reached skill level 1 in Invocations
  8123 | D:8      | Found a staircase to the Lair.
  8362 | D:8      | Found a transporter.
  8370 | D:8      | Found a bloodstained altar of Trog.
  8370 | D:8      | Noticed mcgeepi's ghost (novice DsIE)
  8370 | D:8      | Noticed a moth of wrath
  8675 | D:8      | Noticed a cyan ugly thing
  8685 | D:8      | Killed a cyan ugly thing
  8795 | D:8      | Found an ancient bone altar of Kikubaaqudgha.
  8916 | D:8      | Found a sparkling altar of Nemelex Xobeh.
  8961 | D:8      | Found a transporter.
  9037 | D:9      | Reached *** piety under the Shining One
  9720 | D:9      | Noticed Harold
  9730 | D:9      | Killed Harold
 10083 | D:10     | Entered Level 10 of the Dungeon
 10119 | D:10     | Reached XP level 11. HP: 103/103 MP: 12/12
 10223 | D:10     | Noticed a fire crab
 10240 | D:10     | Killed a fire crab
 10590 | D:10     | Noticed a white ugly thing
 10602 | D:10     | Killed a white ugly thing
 10867 | D:10     | Found an iron altar of Okawaru.
 11209 | D:10     | Noticed Erolcha
 11213 | D:10     | Learned a level 2 spell: Wereblood
 11222 | D:10     | Killed Erolcha
 11296 | D:10     | Noticed a deep elf pyromancer
 11320 | D:10     | HP: 2/105 [fire elemental[a deep elf pyromancer] (10)]
 11325 | D:10     | Killed a deep elf pyromancer
 12482 | D:11     | Found a runed translucent gate.
 12482 | D:11     | Found a runed translucent gate.
 12482 | D:11     | Reached **** piety under the Shining One
 12482 | D:11     | Noticed drawgostyle's ghost (novice DrAr)
 12484 | D:11     | Found a runed translucent gate.
 12501 | D:11     | Killed drawgostyle's ghost
 12501 | D:11     | Noticed a boulder beetle
 12526 | D:11     | Reached XP level 12. HP: 63/115 MP: 14/14
 12534 | D:11     | Cast into level 1 of the Abyss (kobold brigand)
 12747 | Abyss:1  | Slain by a titan zombie

Illustrated notes

Levels and vault maps discovered:
D:1:      wander_arrival_peaceful_grave, layout_basic, nicolae_wormholes
D:2:      layout_loops_ring, hangedman_decor_growths, minmay_misc_feat_iff,
          uniq_terence
D:3:      layout_loops_ring, ebering_ecumenical_altar_rust,
          hangedman_feature_mirror
D:4:      layout_loops_ring, minmay_temple_entry_wispy, uniq_robin, uniq_edmund,
          uniq_pikel
D:5:      layout_loops_ring, amethyst_overflow_temple_binary,
          nicolae_elemental_shop
D:6:      layout_loops_corners, kennysheep_little_box, uniq_prince_ribbit1,
          uniq_maggie
D:7:      layout_layer_cave, grunt_dithmenos_smoke,
          lemuel_coloured_pillars_altar
D:8:      layout_loops_cross, mainiacjoe_overflow_catwalk,
          nemelex_diamond_rough_becter, david_lair_generic,
          gammafunk_ghost_wrathful_warriors
D:9:      layout_big_octagon, serial_column_ruins, column_ruins_hut,
          column_ruins_open_tiny_water, column_ruins_columns_T,
          column_ruins_grid_3, column_ruins_corridor_plus, kennysheep_boxes,
          uniq_harold
D:10:     minmay_tri_box, layout_basic, okawaru_ov_weapons_minmay, uniq_erolcha
D:11:     layout_loops_ring, gammafunk_ghost_nasty_kobolds
Temple:   dpeg_chambers_temple
Abyss:1:  base:
D:3

Skill      XL: |  1  2  3  4  5  6  7  8  9 10 11 |
---------------+----------------------------------+-----
Axes           | 4 5 6 7 8 10 12 13 | 13.5
Fighting       | 3 4 5 6 8 10 11 13 | 13.1
Armour         | 1 2 4 6 7 8 9 |  9.5
Dodging        | 4 5 6 7 8 9 |  9.1
Invocations    | 3 4 |  4.9
Throwing       | |  2.0

Action                   |  1- 3 |  4- 6 |  7- 9 | 10-12 || total
-------------------------+-------+-------+-------+-------++-------
Melee: War axe           |    64 |    22 |       |       ||    86
       Headbutt          |     4 |    12 |    42 |    87 ||   145
       Punch             |     1 |       |       |     4 ||     5
       Battleaxe         |       |    69 |   111 |       ||   180
       Hand axe          |       |       |    74 |   286 ||   360
Throw: Throwing net      |     1 |     2 |       |     1 ||     4
       Javelin           |       |     2 |     1 |    10 ||    13
Invok: Divine Shield     |       |       |       |     1 ||     1
Evoke: Wand              |       |       |     4 |     4 ||     8
  Use: Scroll            |       |       |     8 |       ||     8
       Potion            |       |       |       |     9 ||     9
 Stab: Held in net/web   |     1 |       |       |       ||     1
Armor: Leather armour    |    26 |     2 |       |       ||    28
       Chain mail        |       |    61 |   121 |   116 ||   298
Dodge: Dodged            |    55 |    69 |    91 |   117 ||   332
Block: Other             |       |       |       |     9 ||     9

Table legend: (Time is in decaauts)
 A = Elapsed time spent in this place.
 B = Non-inter-level travel time spent in this place.
 C = Inter-level travel time spent in this place.
 D = Time resting spent in this place.
 E = Time spent auto-exploring this place.
 F = Levels seen in this place.
 G = Mean time per level.
                   A        B        C        D        E       F      G
               +--------+--------+--------+--------+--------+-----+--------+
         Total |  12764 |  12347 |    417 |    519 |  10002 |  13 |  981.8 |
       Dungeon |  11919 |  11515 |    404 |    228 |   9594 |  11 | 1083.5 |
        Temple |    613 |    600 |     13 |    291 |    191 |   1 |  613.0 |
         Abyss |    232 |    232 |      0 |      0 |    217 |   1 |  232.0 |
               +--------+--------+--------+--------+--------+-----+--------+

Top non-repeatable levels by time:
    D:10: 1955 daAuts
     D:6: 1462 daAuts
     D:8: 1206 daAuts
     D:1: 1148 daAuts
     D:4: 1133 daAuts
     D:7: 1051 daAuts
     D:9: 1017 daAuts
     D:5: 928 daAuts
     D:2: 886 daAuts
     D:3: 665 daAuts
  Temple: 613 daAuts
    D:11: 464 daAuts
 Abyss:1: 232 daAuts
